 Dungeon Sprint DCSS version 0.30-a0-310-g7d6cbdfea6 (webtiles) character file.

Game seed: 232396025553479700

273 McGhostyFace the Spear-Bearer (level 6, -1/53 HPs)
             Began as a Gnoll Reaver on Oct 25, 2022.
             Slain by a neqoxec (2 damage)
             ... in the Dungeon (Sprint II: "The Violet Keep of Menkaure").
             The game lasted 00:01:00 (122 turns).

McGhostyFace the Spear-Bearer (Gnoll Reaver)         Turns: 122, Time: 00:01:00

Health: -1/53      AC:  3    Str: 12      XL:     6   Next: 24%
Magic:  11/15      EV: 13    Int: 12 (14) God:
Gold:   243        SH:  0    Dex: 10      Spells: 17/18 levels left

rFire   . . .      SeeInvis .    a - +0 spear
rCold   . . .      Faith    .    (no shield)
rNeg    . . .      Spirit   .    b - +0 leather armour
rPois   .          Reflect  .    (no helmet)
rElec   .          Harm     .    (no cloak)
rCorr   .          Rampage  .    (no gloves)
Will    .....      NoTele   +    (no boots)
Stlth   ++........               (no amulet)
HPRegen 0.00/turn                (no ring)
MPRegen 0.14/turn                (no ring)

@: on berserk cooldown, inhibited regen, slowed, very slow
A: fangs 1, strong nose, distributed training, deterioration 1, inhibited
regeneration
a: no special abilities


You were in the Dungeon.
You visited 1 branch You collected 243 gold pieces.

Inventory:

Hand Weapons
 a - a +0 spear (weapon)
Armour
 b - a +0 leather armour (worn)
Scrolls
 h - a scroll of blinking
Potions
 c - a potion of curing
 d - a potion of heal wounds
 f - 2 potions of magic


   Skills:
 + Level 6.5 Fighting
 + Level 4.5 Short Blades
 + Level 4.5 Long Blades
 + Level 4.5 Axes
 + Level 4.5 Maces & Flails
 + Level 8.0 Polearms
 + Level 4.5 Staves
 + Level 4.5 Ranged Weapons
 + Level 4.5 Throwing
 + Level 4.5 Armour
 + Level 6.5 Dodging
 + Level 4.5 Stealth
 + Level 4.5 Shields
 + Level 4.5 Unarmed Combat
 + Level 6.8 Spellcasting
 + Level 6.6 Conjurations
 + Level 3.7 Hexes
 + Level 3.7 Summonings
 + Level 3.7 Necromancy
 + Level 3.7 Translocations
 + Level 3.7 Transmutations
 + Level 3.7 Fire Magic
 + Level 3.7 Ice Magic
 + Level 3.7 Air Magic
 + Level 3.7 Earth Magic
 + Level 3.7 Poison Magic
 + Level 4.9 Invocations
 + Level 4.5 Evocations


You had 17 spell levels left.
You knew the following spells:

 Your Spells              Type           Power      Damage    Failure   Level
a - Kiss of Death         Conj/Necr      64%        2d10      2%          1

Your spell library contained the following spells:

 Spells                   Type           Power      Damage    Failure   Level
 Momentum Strike          Conj/Tloc      32%        3d8       3%          2
 Hailstorm                Conj/Ice       16%        3d6       8%          3


Dungeon Overview and Level Annotations

Branches:
Dungeon (1/1)

Altars:

Shops:
D [?![=!!:


Innate Abilities, Weirdness & Mutations

You have very sharp teeth.
Your uncanny sense of smell can sniff out nearby items.
Your experience applies equally to all skills.
Your body sometimes deteriorates upon taking damage.
You do not regenerate when monsters are visible.


Message History

You hit the neqoxec.
The neqoxec is moderately wounded.
The neqoxec hits you.
You closely miss the neqoxec.
The neqoxec is moderately wounded.
The neqoxec gestures at you.
Something tries to feed on your intellect!
You barely miss the neqoxec.
The neqoxec is moderately wounded.
The neqoxec gestures at you.
You feel dopey. Something feeds on your intellect!
You hit the neqoxec but do no damage.
The neqoxec is moderately wounded.
The neqoxec hits you!
* * * LOW HITPOINT WARNING * * *
You hit the neqoxec but do no damage.
The neqoxec is moderately wounded.
The neqoxec hits you.
* * * LOW HITPOINT WARNING * * *
You barely miss the neqoxec.
The neqoxec is moderately wounded.
The neqoxec hits you.
* * * LOW HITPOINT WARNING * * *
You barely miss the neqoxec.
The neqoxec is moderately wounded.
The neqoxec completely misses you.
You hit the neqoxec but do no damage.
The neqoxec is moderately wounded.
The neqoxec hits you.
* * * LOW HITPOINT WARNING * * *
The neqoxec closely misses you.
You completely miss the neqoxec.
The neqoxec is moderately wounded.
The neqoxec gestures at you.
Something tries to feed on your intellect!
You hit the neqoxec but do no damage. You bite the neqoxec, but do no damage.
The neqoxec is moderately wounded.
The neqoxec hits you.
You die...

######~ ∆ ∩....#~
.∩...#~ ## ###
∩.∩..#~ .##..
.∩.⌠.#~ ## .3. #
∩.∩..#~ #.# #3# .##
.∩...#~#†####@##.m.#
+~+##.+†<.+.#∆
.....#~#...##.##...#
▓▓▓###~##.###+# .##
######~ ### ∆ # ∆ ##
∆ ∆ ∆


You could see 2 neqoxecs.

Vanquished Creatures
  2 neqoxecs (D)
  3 worms (D)
5 creatures vanquished.

Notes
Turn   | Place    | Note
-------+----------+-------------------------------------------
     0 | D        | McGhostyFace the Gnoll Reaver began the quest for the Orb.
     0 | D        | Reached XP level 1. HP: 20/20 MP: 6/6
    11 | D        | Reached skill level 5 in Spellcasting
    20 | D        | Reached skill level 1 in Short Blades
    20 | D        | Reached skill level 1 in Long Blades
    20 | D        | Reached skill level 1 in Axes
    20 | D        | Reached skill level 1 in Maces & Flails
    20 | D        | Reached skill level 1 in Staves
    20 | D        | Reached skill level 1 in Ranged Weapons
    20 | D        | Reached skill level 1 in Throwing
    20 | D        | Reached skill level 1 in Armour
    20 | D        | Reached skill level 1 in Stealth
    20 | D        | Reached skill level 1 in Shields
    20 | D        | Reached skill level 1 in Unarmed Combat
    20 | D        | Reached skill level 1 in Invocations
    20 | D        | Reached skill level 1 in Evocations
    20 | D        | Reached XP level 2. HP: 16/26 MP: 8/8
    26 | D        | Found Vemm's Book Emporium.
    26 | D        | Found Sut Poni's Jewellery Shoppe.
    26 | D        | Found Agifeicro's Distillery.
    26 | D        | Found Lucou's Antique Armour Emporium.
    27 | D        | Found Dast's Distillery.
    27 | D        | Found Imeolaup's Distillery.
    27 | D        | Found Qitebal's Magic Scroll Emporium.
    27 | D        | Found Heps's Antique Armour Shoppe.
    37 | D        | Reached skill level 1 in Hexes
    37 | D        | Reached skill level 1 in Summonings
    37 | D        | Reached skill level 1 in Necromancy
    37 | D        | Reached skill level 1 in Translocations
    37 | D        | Reached skill level 1 in Transmutations
    37 | D        | Reached skill level 1 in Fire Magic
    37 | D        | Reached skill level 1 in Ice Magic
    37 | D        | Reached skill level 1 in Air Magic
    37 | D        | Reached skill level 1 in Earth Magic
    37 | D        | Reached skill level 1 in Poison Magic
    80 | D        | Noticed a merfolk siren
    84 | D        | Noticed a neqoxec
    84 | D        | Noticed a neqoxec
    84 | D        | Noticed a neqoxec
    84 | D        | Noticed a neqoxec
    87 | D        | Gained mutation: Your body sometimes deteriorates upon
                  | taking damage. [a neqoxec]
    96 | D        | Killed a neqoxec
    97 | D        | Reached skill level 5 in Fighting
    97 | D        | Reached skill level 7 in Polearms
    97 | D        | Reached skill level 5 in Dodging
    97 | D        | Reached XP level 3. HP: 34/34 MP: 8/10
    97 | D        | Reached XP level 4. HP: 40/40 MP: 9/12
    97 | D        | Reached XP level 5. HP: 46/46 MP: 9/13
   110 | D        | Killed a neqoxec
   110 | D        | Gained mutation: You do not regenerate when monsters are
                  | visible. [a neqoxec]
   111 | D        | Reached skill level 8 in Polearms
   111 | D        | Reached XP level 6. HP: 36/53 MP: 9/15
   120 | D        | HP: 1/53 [neqoxec (2)]
   122 | D        | Slain by a neqoxec

Illustrated notes

Levels and vault maps discovered:
D:        the_violet_keep_of_menkaure [sprint2_stairs_cluster_1,
          sprint2_shoproom, sprint2_temple, sprint2_basic_supplies,
          sprint2_obstacle_3, sprint2_obstacle_5, sprint2_obstacle_4,
          sprint2_obstacle_7, sprint2_obstacle_1, sprint2_timed_cluster_1,
          sprint2_smallroom_cluster_1, sprint2_smallroom_final_cluster_1,
          sprint2_transparent_cluster_1, sprint2_second_timed_cluster_1,
          sprint2_sniper_area_1, sprint2_heavy_combat_area_1,
          sprint2_mutation_trap_area_1, sprint2_forest_area_1,
          sprint2_light_combat_area_1, sprint2_behind_water_1,
          sprint2_near_end_vault_1]

Skill      XL: |  1  2  3  4  5 |
---------------+----------------+-----
Spellcasting   | 5 6 |  6.8
Short Blades   | 1 3 4 |  4.5
Long Blades    | 1 3 4 |  4.5
Axes           | 1 3 4 |  4.5
Maces & Flails | 1 3 4 |  4.5
Staves         | 1 3 4 |  4.5
Ranged Weapons | 1 3 4 |  4.5
Throwing       | 1 3 4 |  4.5
Armour         | 1 3 4 |  4.5
Stealth        | 1 3 4 |  4.5
Shields        | 1 3 4 |  4.5
Unarmed Combat | 1 3 4 |  4.5
Invocations    | 1 3 4 |  4.9
Evocations     | 1 3 4 |  4.5
Hexes          | 2 3 |  3.7
Summonings     | 2 3 |  3.7
Necromancy     | 2 3 |  3.7
Translocations | 2 3 |  3.7
Transmutations | 2 3 |  3.7
Fire Magic     | 2 3 |  3.7
Ice Magic      | 2 3 |  3.7
Air Magic      | 2 3 |  3.7
Earth Magic    | 2 3 |  3.7
Poison Magic   | 2 3 |  3.7
Fighting       | 5 6 |  6.5
Polearms       | 7 8 |  8.0
Dodging        | 5 6 |  6.5
Conjurations   | 6 |  6.6

Action                   |  1- 3 |  4- 6 || total
-------------------------+-------+-------++-------
Melee: Spear             |    36 |    26 ||    62
       Bite              |     3 |     2 ||     5
       Punch             |     1 |       ||     1
  Use: Potion            |     2 |       ||     2
Armor: Leather armour    |     2 |     1 ||     3
Dodge: Dodged            |     5 |     4 ||     9

Table legend: (Time is in decaauts)
 A = Elapsed time spent in this place.
 B = Non-inter-level travel time spent in this place.
 C = Inter-level travel time spent in this place.
 D = Time resting spent in this place.
 E = Time spent auto-exploring this place.
 F = Levels seen in this place.
 G = Mean time per level.
                   A        B        C        D        E       F      G
               +--------+--------+--------+--------+--------+-----+--------+
         Total |     90 |     90 |      0 |     28 |      0 |   1 |   90.0 |
       Dungeon |     90 |     90 |      0 |     28 |      0 |   1 |   90.0 |
               +--------+--------+--------+--------+--------+-----+--------+

Top non-repeatable levels by time:
       D: 90 daAuts
